Map: Miner Evacuation

Players

Yuriprime

  • Race: Zerg Zerg
  • Spawn Location: 7:00

ViS

  • Race: Zerg Zerg

VOD

Have the link to the VOD?

Description

Time

  • Played on: Dec. 27, 2017, 8:26 a.m.
  • Length: 11:28
Show
View Real Time Build Order
Export as new Build Order

Yuriprime Zerg 

Build Orders:  

Get SALT Encoding   

  12  0:05  Drone  
  13  0:20  Overlord  
  13  0:26  Drone  
  14  0:45  Drone  
  14  0:46  Drone x2  
  17  1:04  Roach Warren  
  16  1:38  Roach x2  
  16  1:39  Roach  
  22  1:44  Extractor  
  22  1:45  Extractor  
  22  1:47  Overlord  
  20  1:52  Drone  
  20  1:59  Drone  
  22  2:24  Roach, Drone x3  
  22  2:25  Roach  
  25  2:45  Lair  
  25  2:46  Brutalisk  
  25  3:18  Drone x3  
  28  3:20  Evolution Chamber  
  27  4:05  Roach  
  27  4:06  Zerg Ground Armor Level 1  
  27  4:08  Overlord  
  27  4:10  Spire  
  27  4:13  Roach  
  26  4:27  Brutalisk  
  26  4:47  Mutalisk  
  28  4:52  Drone x3  
  28  4:53  Drone  
  28  4:57  Roach  
  32  5:19  Brutalisk  
  32  5:40  Mutalisk  
  32  5:41  Mutalisk  
  32  5:43  Overlord x3  
  36  6:53  Mutalisk  
  36  7:21  Leviathan  
  36  7:41  Mutalisk  
  36  7:46  Mutalisk  
  36  7:53  Roach  
  36  7:54  Roach x8  
  54  8:09  Leviathan  
  54  8:14  Leviathan  
  54  8:32  Roach x2  
  54  8:33  Roach x2  
  62  9:08  Overlord x3  
  50  9:54  Spine Crawler  
  50  9:55  Spine Crawler  
  50  9:58  Spine Crawler  
  43  10:00  Spine Crawler  
  43  10:01  Spine Crawler  
  43  10:04  Spine Crawler  
Show
View Real Time Build Order
Export as new Build Order

ViS Zerg 

Build Orders:  

Get SALT Encoding   

  18  0:03  Primal Drone  
  19  0:17  Primal Drone  
  19  0:18  Primal Drone  
  21  0:27  Extractor  
  21  0:51  Primal Warden  
  21  0:55  Primal Drone  
  23  1:00  Primal Drone  
  23  1:07  Primal Drone  
  25  1:14  Primal Drone  
  26  1:22  Primal Drone  
  27  1:39  Primal Drone  
  28  1:57  Primal Drone  
  29  2:02  Glevig's Den  
  28  2:18  Primal Drone  
  29  2:39  Primal Drone  
  30  2:41  Extractor  
  30  3:05  Primal Drone x2  
  32  3:16  Primal Drone  
  34  3:20  Primal Warden  
  34  3:34  Primal Drone  
  35  3:46  Murvar's Den  
  34  4:04  Primal Drone x2  
  34  4:09  Primal Roach x2  
  40  4:45  Primal Drone x2  
  42  4:54  Primal Roach x2  
  42  4:55  Primal Roach x2  
  52  5:00  Primal Drone  
  52  5:02  Primal Wurm  
  52  5:03  Primal Wurm  
  53  5:27  Primal Drone x2  
  55  6:01  Primal Drone x2  
  57  6:15  Primal Drone  
  57  6:16  Primal Roach  
  57  6:17  Primal Roach  
  60  6:20  Primal Guardian x2  
  60  6:23  Dakrun's Den  
  60  6:26  Primal Guardian  
  56  6:37  Primal Drone  
  57  7:54  Primal Roach x3  
  57  7:55  Primal Roach  
  65  8:39  Primal Guardian x2  
  63  8:40  Primal Guardian  
  62  8:53  Primal Drone x2  
  62  8:54  Primal Drone  
  68  9:03  Primal Wurm  
  68  9:04  Primal Wurm x2  
  68  9:07  Primal Wurm  
  68  9:09  Primal Wurm  
  70  10:39  Primal Roach x2  
  77  10:40  Primal Roach x4  
  77  10:41  Primal Roach  
  77  10:42  Primal Wurm  
  77  10:43  Primal Wurm x2  
Tags
 
Add a new tag
Caveats
  • Supply blocks, unpowered buildings, or Contaminate may cause inaccurate times.
  • Supply counts are checked every 10 seconds.